 Dungeon Crawl Stone Soup version 0.19.1 (webtiles) character file.

18069 RedPan the Fencer (level 12, -1/94 HPs)
             Began as a Formicid Fighter on Dec 27, 2016.
             Was a Priest of Cheibriados.
             Slain by a crocodile (5 damage)
             ... on level 1 of the Lair of Beasts.
             The game lasted 00:40:18 (13325 turns).

RedPan the Fencer (Formicid Fighter)               Turns: 13325, Time: 00:40:18

Health: -1/94      AC: 14    Str: 34    XL:     12   Next: 90%
Magic:  13/13      EV:  2    Int: 14    God:    Cheibriados [***...]
Gold:   691        SH:  0    Dex: 17    Spells: 0 memorised, 11 levels left

rFire  . . .     SeeInvis +     a - +3 long sword
rCold  . . .     Gourm    .     k - +0 chain mail
rNeg   + + +     Faith    .     D - +18 shield of the Gong {rElec rN+ MR+ EV-5}
rPois  ∞         Spirit   .     (helmet unavailable)
rElec  +         Reflect  .     (no cloak)
rCorr  .         Harm     .     N - +2 pair of gloves
MR     ++...                    v - +0 pair of boots
Stlth  ..........               (no amulet)
                                r - +2 ring of evasion
                                B - +3 ring of evasion

@: petrified, very slow
A: permanent stasis, dig shafts and tunnels, four strong arms, antennae 3
a: Dig, Shaft Self, Bend Time, Temporal Distortion, Renounce Religion


You were on level 1 of the Lair of Beasts.
You worshipped Cheibriados.
Cheibriados was most pleased with you.
You were hungry.

You visited 3 branches of the dungeon, and saw 14 of its levels.

You collected 691 gold pieces.

Inventory:

Hand Weapons
 a - a +3 long sword (weapon)
Armour
 c - a +0 shield
 k - a +0 chain mail (worn)
 v - a +0 pair of boots (worn)
 C - a +0 plate armour
 D - the +18 shield of the Gong (worn) {rElec rN+ MR+ EV-5}
   (You found it on level 7 of the Dungeon)

   It affects your evasion (-5).
   It insulates you from electricity.
   It protects you from negative energy.
   It affects your resistance to hostile enchantments.
 N - a +2 pair of gloves (worn)
Magical Staves
 w - an uncursed staff of power
 G - an uncursed staff of cold
Jewellery
 h - a +5 ring of intelligence
 r - a +2 ring of evasion (right hand)
 B - a +3 ring of evasion (left hand)
 Q - a +3 ring of dexterity {unknown}
 V - an uncursed ring of magical power {unknown}
Wands
 i - a wand of iceblast (9/15)
 m - a wand of slowing (41/48)
 o - a wand of flame (14/48)
 q - a wand of digging (14/24)
 J - a wand of flame (30/48)
 K - a wand of slowing (37/48)
 O - a wand of confusion (25/48)
 P - a wand of disintegration (11/24)
 R - a wand of random effects (15/48)
Scrolls
 b - 3 scrolls of remove curse
 e - 10 scrolls of identify
 u - 2 scrolls of recharging
 y - 4 scrolls of magic mapping
 z - 5 scrolls of enchant armour {unknown}
 A - 4 scrolls of noise {unknown}
 F - a scroll of fear {unknown}
 M - a scroll of fog
 W - a scroll of amnesia {unknown}
Potions
 d - a potion of might
 g - a potion of ambrosia {unknown}
 j - a potion of lignification
 l - a potion of curing
 p - 3 potions of flight
 x - 3 potions of brilliance
 E - a potion of resistance
 H - a potion of cure mutation
 S - a potion of haste {unknown}
 U - a potion of degeneration {unknown}
Books
 I - a book of Frost

   Spells                             Type                      Level
   a - Freeze                         Ice                          1
   b - Throw Frost                    Conjuration/Ice              2
   c - Ozocubu's Armour               Charms/Ice                   3
   d - Throw Icicle                   Conjuration/Ice              4
   e - Summon Ice Beast               Ice/Summoning                4
 T - a book of Necromancy

   Spells                             Type                      Level
   a - Pain                           Necromancy                   1
   b - Animate Skeleton               Necromancy                   1
   c - Vampiric Draining              Necromancy                   3
   d - Regeneration                   Charms/Necromancy            3
   e - Animate Dead                   Necromancy                   4
   f - Control Undead                 Necromancy                   4
Comestibles
 f - 5 bread rations
 n - 3 meat rations
 t - 11 fruits
 L - 8 royal jellies
 X - a beef jerky


   Skills:
 - Level 8.3 Fighting
 - Level 16.1 Long Blades
 + Level 6.2 Armour
 - Level 9.4 Shields
 + Level 1.6 Invocations


You had 11 spell levels left.
You didn't know any spells.

Dungeon Overview and Level Annotations

Branches:
Dungeon (11/15)            Temple (1/1) D:6            Lair (2/6) D:9
  Swamp: Lair:2-4    Shoals: Lair:2-4     Snake: Lair:2-4    Spider: Lair:2-4
    Orc: D:9-12

Altars:
Ashenzari
Cheibriados
Dithmenos
Elyvilon
Fedhas
Gozag
Hepliaklqana
Kikubaaqudgha
Makhleb
Nemelex Xobeh
Okawaru
Qazlal
Ru
Sif Muna
Trog
Uskayaw
Vehumet
Xom
Yredelemnul
Zin
The Shining One

Shops:
D:4 ?   D:7 =   D:8 *

Annotations:
Lair:2 Urug


Innate Abilities, Weirdness & Mutations

You are under a permanent stasis effect.
You can dig through walls and to a lower floor.
Your four strong arms can wield two-handed weapons with a shield.
You have a pair of large antennae on your head. (SInv)


Message History

* * * LOW HITPOINT WARNING * * *
The bullfrog hits you but does no damage.
The basilisk gazes at you. You resist with almost no effort.
The porcupine bites you but does no damage.
The crocodile bites you!
* * * LOW HITPOINT WARNING * * *
The bullfrog hits you but does no damage.
The basilisk bites you!
* * * LOW HITPOINT WARNING * * *
The bullfrog barely misses you. The porcupine completely misses you.
The crocodile bites you but does no damage.
The bullfrog hits you.
* * * LOW HITPOINT WARNING * * *
The porcupine bites you.
* * * LOW HITPOINT WARNING * * *
The basilisk gazes at you. You resist with almost no effort.
The crocodile bites you!
You die...

....# #..# #...........## ##.##
...## #..#####..........# #..#
....# ##..##..#.........## #...
#...####.....##..........#####...
##..#..#..##..#............##...#
##......#.#..#..................
###.#.##.####....................
##..####..###....l........#......
##.## #.##.#..F@r.......###.....
...# #.......t†.........#.....P
...### #.......................P.
...#P###.........................
.....##..........................
#.....#........[..........##.....
...........................#....#
...............###.............##
......#.....######.......###.....


You could see a basilisk, a crocodile, a bullfrog and a porcupine.

Vanquished Creatures
  The ghost of eXcel the Markscentaur, a novice CeHu of Okawaru (D:8)
  Sonja (Lair:1)
  The ghost of eXcel the Archer, a novice CeHu (D:6)
  Pikel (D:10)
  A cyclops (D:11)
  Joseph (D:9)
  2 black mambas
  A spiny frog (D:9)
  A troll (D:9)
  A queen bee (D:9)
  A two-headed ogre (D:11)
  Prince Ribbit (D:7)
  3 hippogriffs
  Sigmund (D:3)
  28 yaks
  A human (shapeshifter) (D:10)
  2 basilisks (Lair:1)
  A steam dragon (D:9)
  3 hungry ghosts
  4 water moccasins
  2 porcupines (Lair:1)
  3 sky beasts
  4 slaves (D:7)
  6 orc warriors
  3 ice beasts
  An eye of draining (D:11)
  A phantom (D:9)
  6 ogres
  4 wolves (Lair:1)
  5 centaurs
  3 crocodiles
  10 bullfrogs
  2 big kobolds
  3 scorpions
  13 killer bees (D:9)
  2 howler monkeys
  3 centaur zombies
  5 crimson imps
  4 jellies
  A bullfrog zombie (D:5)
  7 hounds
  4 orc priests
  A bullfrog skeleton (D:11)
  3 centaur skeletons
  11 orc wizards
  Ijyb (D:3)
  Terence (D:3)
  2 iguanas
  Natasha (thrice) (D:3)
  9 worker ants
  A hound skeleton (D:8)
  A worker ant zombie (D:5)
  6 gnolls
  14 adders
  5 shadow imps
  2 worms
  2 dart slugs (D:2)
  7 leopard geckos
  30 orcs
  8 giant cockroaches
  8 goblins
  8 hobgoblins
  26 jackals
  13 kobolds
  6 quokkas
  A ball python (D:5)
  8 bats
  6 frilled lizards
  3 leopard gecko zombies (D:5)
  2 quokka skeletons
  4 rats
340 creatures vanquished.

Vanquished Creatures (others)
  5 dream sheep (Lair:1)
  A fungus (Lair:1)
6 creatures vanquished.

Grand Total: 346 creatures vanquished

Notes
Turn   | Place    | Note
-------+----------+-------------------------------------------
     0 | D:1      | RedPan the Formicid Fighter began the quest for the Orb.
     0 | D:1      | Reached XP level 1. HP: 18/18 MP: 1/1
   115 | D:1      | Reached XP level 2. HP: 20/24 MP: 2/2
   321 | D:1      | Reached skill level 3 in Long Blades
   664 | D:2      | Reached XP level 3. HP: 29/29 MP: 3/3
  1111 | D:2      | Reached skill level 4 in Long Blades
  1111 | D:2      | Reached XP level 4. HP: 35/35 MP: 4/4
  1428 | D:3      | Found a basalt altar of Yredelemnul.
  1461 | D:3      | Found a sacrificial altar of Ru.
  1532 | D:3      | Noticed Sigmund
  1546 | D:3      | Killed Sigmund
  1546 | D:3      | Reached skill level 6 in Long Blades
  1546 | D:3      | Reached XP level 5. HP: 33/41 MP: 5/5
  1546 | D:3      | Reached XP level 6. HP: 37/47 MP: 6/6
  1764 | D:3      | Noticed Natasha
  1786 | D:3      | Killed Natasha
  2008 | D:3      | Noticed Terence
  2017 | D:3      | Killed Terence
  2049 | D:3      | Noticed Ijyb
  2066 | D:3      | Killed Ijyb
  2322 | D:3      | Noticed Natasha
  2332 | D:3      | Killed Natasha
  2332 | D:3      | Reached skill level 7 in Long Blades
  2332 | D:3      | Reached XP level 7. HP: 49/52 MP: 7/7
  2336 | D:3      | Noticed Natasha
  2346 | D:3      | Killed Natasha
  2833 | D:4      | Found Ukeiridu's Magic Scroll Shoppe.
  3220 | D:4      | Reached skill level 8 in Long Blades
  3572 | D:5      | Entered Level 5 of the Dungeon
  3648 | D:5      | Reached XP level 8. HP: 46/58 MP: 8/8
  3781 | D:5      | Reached skill level 5 in Shields
  3888 | D:5      | Reached skill level 5 in Armour
  4742 | D:6      | Noticed eXcel's ghost (novice CeHu)
  4794 | D:6      | Killed eXcel's ghost
  4794 | D:6      | Reached XP level 9. HP: 20/64 MP: 9/9
  5114 | D:6      | HP: 3/65 [centaur (4)]
  5622 | D:6      | Found a staircase to the Ecumenical Temple.
  6033 | D:7      | Reached skill level 5 in Fighting
  6126 | D:7      | Found Erosse Hiff's Jewellery Boutique.
  6171 | D:7      | Noticed Prince Ribbit
  6191 | D:7      | Killed Prince Ribbit
  6191 | D:7      | Reached skill level 9 in Long Blades
  6191 | D:7      | Reached XP level 10. HP: 53/76 MP: 10/10
  6633 | D:7      | Found an iron altar of Okawaru.
  6872 | D:8      | Noticed eXcel's ghost (novice CeHu)
  6993 | D:7      | Reached skill level 10 in Long Blades
  7272 | D:8      | Killed eXcel's ghost
  7423 | D:8      | Found Ijizotock's General Store.
  7581 | D:8      | Found a deep blue altar of Sif Muna.
  7581 | D:8      | Found a sparkling altar of Nemelex Xobeh.
  7994 | D:8      | Reached skill level 11 in Long Blades
  8007 | D:8      | Reached XP level 11. HP: 80/87 MP: 11/11
  8509 | D:9      | Reached skill level 12 in Long Blades
  8603 | D:9      | Noticed Joseph
  8653 | D:9      | Killed Joseph
  8901 | D:9      | Reached skill level 13 in Long Blades
  9194 | D:9      | Found a staircase to the Lair.
  9222 | D:9      | Found a glowing golden altar of the Shining One.
  9222 | D:9      | Found a radiant altar of Vehumet.
  9222 | D:9      | Found a white marble altar of Elyvilon.
  9241 | D:9      | Found a glowing silver altar of Zin.
  9244 | D:9      | Found a stormy altar of Qazlal.
  9390 | D:10     | Entered Level 10 of the Dungeon
  9739 | Temple   | Entered the Ecumenical Temple
  9815 | Temple   | Became a worshipper of Cheibriados the Contemplative
 10012 | D:10     | Got an encrusted scale mail
 10013 | D:10     | Identified the +1 scale mail of Wonder {*Contam MR- Regen+ Dex+7} (You found it on level 10 of the Dungeon)
 10103 | D:10     | Noticed Pikel
 10111 | D:10     | Killed Pikel
 10514 | D:11     | Reached * piety under Cheibriados
 10542 | D:11     | Reached skill level 14 in Long Blades
 10550 | D:11     | Reached XP level 12. HP: 81/94 MP: 12/12
 11111 | D:11     | Reached ** piety under Cheibriados
 11405 | Lair:1   | Entered Level 1 of the Lair of Beasts
 11424 | D:9      | Reached skill level 15 in Long Blades
 11540 | Lair:1   | Noticed Sonja
 11657 | Lair:1   | Killed Sonja
 11703 | Lair:1   | Reached *** piety under Cheibriados
 12082 | Lair:1   | Reached skill level 16 in Long Blades
 12861 | Lair:1   | Reached skill level 1 in Invocations
 12909 | Lair:1   | Found a shimmering altar of Xom.
 13279 | Lair:2   | Noticed Urug
 13324 | Lair:1   | HP: 4/94 [bullfrog (1)]
 13325 | Lair:1   | Slain by a crocodile

Skill      XL: |  1  2  3  4  5  6  7  8  9 10 11 12 |
---------------+-------------------------------------+-----
Long Blades    | 3 4 6 7 8 9 11 14 16 | 16.1
Shields        | 4 9 |  9.4
Armour         | 4 6 |  6.2
Fighting       | 5 8 |  8.3
Invocations    | 1 |  1.6

Action                   |  1- 3 |  4- 6 |  7- 9 | 10-12 || total
-------------------------+-------+-------+-------+-------++-------
Melee: Long sword        |   110 |   118 |   461 |   985 ||  1674
 Abil: Dig               |     1 |       |       |     3 ||     4
  Use: Scroll            |       |     4 |     7 |     1 ||    12
       Potion            |       |     4 |     9 |     3 ||    16
 Stab: Fleeing           |       |       |       |     1 ||     1
  Eat: Chunk             |     1 |     4 |    13 |    19 ||    37
       Beef jerky        |       |       |       |     1 ||     1
Armor: Scale mail        |    21 |       |       |       ||    21
       Chain mail        |    43 |    51 |   145 |   139 ||   378
Dodge: Dodged            |    36 |    33 |   138 |    78 ||   285
Block: Shield            |    64 |    51 |   239 |   988 ||  1342
       Rpst.: Long sword |    13 |    10 |    41 |    25 ||    89
